 Dungeon Crawl Stone Soup version 0.27.1 (webtiles) character file.

Game seed: 1591552403731300718

17 H0rd4k the Caller (level 2, -1/19 HPs)
             Began as a Barachi Summoner on Aug 24, 2021.
             Slain by an adder (5 damage)
             ... on level 2 of the Dungeon.
             The game lasted 00:01:48 (1311 turns).

H0rd4k the Caller (Barachi Summoner)                Turns: 1311, Time: 00:01:48

Health: -1/19      AC:  2    Str:  9    XL:     2   Next: 62%
Magic:  1/5        EV: 12    Int: 15    God:
Gold:   9          SH:  0    Dex: 12    Spells: 5/6 levels left

rFire    . . .     SeeInvis .   (no weapon)
rCold    . . .     Faith    .   (no shield)
rNeg     . . .     Spirit   .   a - +0 robe
rPois    .         Reflect  .   (no helmet)
rElec    .         Harm     .   (no cloak)
rCorr    .         Rampage  .   (no gloves)
Will     .....                  (no boots)
Stlth    ++........             (no amulet)
HPRegen  0.06/turn              (no ring)
MPRegen  0.09/turn              (no ring)

@: lethally poisoned (-1 -> -2), slow
A: amphibious, slowness 1, strong legs 1, +LOS
a: Hop


You were on level 2 of the Dungeon.
You visited 1 branch of the dungeon, and saw 2 of its levels.

You collected 9 gold pieces.

Inventory:

Armour
 a - a +0 robe (worn)
Potions
 b - a potion of invisibility {unknown}
 c - a potion of degeneration {unknown}


   Skills:
 + Level 2.2 Dodging
 - Level 1.7 Stealth
 + Level 0.1 Unarmed Combat
 * Level 2.5 Spellcasting
 * Level 5.4 Summonings


You had 5 spell levels left.
You knew the following spells:

 Your Spells              Type           Power      Damage    Failure   Level
a - Summon Small Mammal   Summ           72%        N/A       2%          1

Your spell library contained the following spells:

 Spells                   Type           Power      Damage    Failure   Level
 Call Imp                 Summ           18%        N/A       3%          2
 Call Canine Familiar     Summ           18%        N/A       7%          3
 Summon Guardian Golem    Hex/Summ       10%        N/A       21%         3
 Summon Lightning Spire   Summ/Air       10%        N/A       56%         4


Dungeon Overview and Level Annotations

Branches:
Dungeon (2/15)

Altars:


Innate Abilities, Weirdness & Mutations

You are amphibious.
You cover ground slowly.
You can hop short distances.
You have an extended range of vision and can be seen from far away.


Message History

Your bat dies!
Your bat's corpse disappears in a puff of smoke!
Your bat hits the adder but does no damage.
Your bat closely misses the adder.
Your bat hits the adder.
You feel sick.
You are no longer poisoned.
Your bat closely misses the adder.
Your bat misses the adder. The adder barely misses you.
The adder closely misses you.
You are too depleted to draw on your mana recklessly!
Unknown command.
You hit the adder.
The adder is moderately wounded.
Your bat hits the adder but does no damage.
Your bat hits the adder. The adder bites you.
Your bat closely misses the adder.
You barely miss the adder.
The adder is moderately wounded.
Your bat hits the adder but does no damage.
Your bat barely misses the adder.
The adder bites you.
You are poisoned.
The adder poisons you!
You hit the adder.
The adder is heavily wounded.
You feel sick.
Your bat hits the adder. Your bat misses the adder. The adder bites you.
Your rat bites the adder.
Your magical contamination has completely faded away.
You are too injured to fight recklessly!
You closely miss the adder.
The adder is severely wounded.
You feel sick.
Your bat barely misses the adder.
The adder misses you.
Your bat closely misses the adder.
The adder bites you.
* * * LOW HITPOINT WARNING * * *
Your rat misses the adder.
Unknown command.
You are too injured to fight recklessly!
Unknown command.
You barely miss the adder.
The adder is severely wounded.
You feel sick.
Your bat misses the adder. x2; The adder bites you.
You die...

# .. #.# ##>..
.....####
#..b.##
###S@#####
###.b.r....#
##...########
........#§§....#
...####.#§.....#
. #........#
####......#
#.........#
.....##..<...#


You could see an adder (ally target), 2 friendly bats and a friendly rat
(summoned).

Vanquished Creatures
  A goblin (D:1)
1 creature vanquished.

Vanquished Creatures (collateral kills)
  A gnoll (D:1)
  A dart slug (D:1)
  5 bats
  A giant cockroach (D:1)
  A hobgoblin (D:1)
  A kobold (D:1)
  2 ball pythons
  A goblin (D:1)
  3 rats (D:1)
16 creatures vanquished.

Vanquished Creatures (others)
  2 plants (D:1)
2 creatures vanquished.

Grand Total: 19 creatures vanquished

Notes
Turn   | Place    | Note
-------+----------+-------------------------------------------
     0 | D:1      | H0rd4k the Barachi Summoner began the quest for the Orb.
     0 | D:1      | Reached XP level 1. HP: 13/13 MP: 3/3
    64 | D:1      | Found a faded altar of an unknown god.
   193 | D:1      | Reached skill level 5 in Summonings
   394 | D:1      | Reached XP level 2. HP: 19/19 MP: 0/5
  1311 | D:2      | Slain by an adder

Illustrated notes

Levels and vault maps discovered:
D:1:      heliophobic_arrival_battle_scene, layout_basic,
          shapermc_ecumenical_altar_mp_ritualfount, serial_bayou_ford_a,
          solitary_fountain
D:2:      layout_rooms

Skill      XL: |  1 |
---------------+----+-----
Summonings     | 5 |  5.4
Dodging        | |  2.2
Stealth        | |  1.7
Unarmed Combat | |  0.1
Spellcasting   | |  2.5

Action                   || total
-------------------------++-------
Melee: Unarmed           ||    15
 Cast: Summon Small Mamm ||    49
 Stab: Distracted        ||     1
Armor: Robe              ||     7
Dodge: Dodged            ||    37
